 Dungeon Crawl Stone Soup version 0.30.1-11-g7821555f0a (webtiles) character file.

Game seed: 14769320135388584410

135944 zazaan the Hand of Fortune (level 17, -3/126 HPs)
             Began as a Djinni Conjurer on Jan 11, 2024.
             Was the Champion of Nemelex Xobeh.
             Slain by a spectral merfolk (5 damage)
             ... animated by the player character
             ... on level 3 of the Shoals on Jan 12, 2024.
             The game lasted 03:29:39 (34634 turns).

zazaan the Hand of Fortune (Djinni Conjurer)       Turns: 34634, Time: 03:29:39

Health: -3/126     AC: 19    Str:  6    XL:     17   Next: 79%
Gold:   1374       EV: 14    Int: 26    God:    Nemelex Xobeh [******] SH: 16 Dex: 14

rFire   + + .        A - staff of conjuration
rCold   x . .        m - +5 kite shield
rNeg    . . .        z - +5 steam dragon scales
rPois   ∞            G - +0 mask of the Dragon {Will+ Slay+3 SInv}
rElec   .            D - +0 cloak {rCorr}
rCorr   +            E - +0 pair of gloves
SInv    +            (boots unavailable)
Will    ++...        g - amulet of regeneration
Stlth   ++           q - +4 ring of protection
HPRegen 1.21/turn    o - ring of wizardry
MPRegen 0.00/turn

%: wizardry (x1), infuse magic (-4 HP)
@: death channelling, flying, very slightly contaminated, studying Maces &
Flails
A: sickness immunity, fire resistance 2, cold vulnerability 1, float, innate
caster, HP casting, extra vitality 1
a: Renounce Religion, Draw Escape, Draw Destruction, Draw Summoning, Triple
Draw, Deal Four, Stack Five


You were on level 3 of the Shoals.
You worshipped Nemelex Xobeh.
Nemelex Xobeh was exalted by your worship.
You visited 4 branches of the dungeon, and saw 25 of its levels.

You collected 2659 gold pieces.
You spent 1285 gold pieces at shops.

Inventory:

Hand Weapons
 d - the +2 short sword "Zass" {drain, rF+ rN++ Will+}
   (You bought it in a shop on level 2 of the Orcish Mines)

   rF:        It protects you from fire.
   rN:        It greatly protects you from negative energy.
   Will:      It increases your willpower.
 u - the +11 flail of the Wraith {protect, +Blink Will+ Str-3}
   (You found it on level 5 of the Dungeon)

   Str:       It affects your strength (-3).
   +Blink:    It lets you blink.
   Will:      It increases your willpower.
 J - the +3 arbalest of the Desert {speed, rF+ Dex+3}
   (You found it on level 12 of the Dungeon)

   Dex:       It affects your dexterity (+3).
   rF:        It protects you from fire.
Missiles
 i - a throwing net
Armour
 m - a +5 kite shield (worn)
 z - +5 steam dragon scales (worn)
 C - the +0 robe of Resourcefulness {rN+}
   (You found it on level 15 of the Dungeon)

   rN:        It protects you from negative energy.
 D - a +0 cloak of preservation (worn)
 E - a +0 pair of gloves (worn)
 G - the +0 mask of the Dragon (worn) {Will+ Slay+3 SInv}
   (You bought it in a shop on level 1 of the Shoals)

   Slay:      It affects your accuracy & damage with ranged weapons and melee
   (+3).
   SInv:      It lets you see invisible.
   Will:      It increases your willpower.
Magical Staves
 A - a staff of conjuration (weapon)
Jewellery
 c - a ring of see invisible
 g - an amulet of regeneration (around neck)
 o - a ring of wizardry (right hand)
 p - an amulet of the acrobat
 q - a +4 ring of protection (left hand)
 H - a ring of protection from cold
 N - a +4 ring of slaying
Wands
 a - a wand of charming (10)
 h - a wand of flame (38)
 y - a wand of polymorph (13)
 B - a wand of roots (23)
Scrolls
 j - 4 scrolls of teleportation
 k - a scroll of enchant weapon
 l - 7 scrolls of fear
 r - a scroll of silence
 s - 6 scrolls of identify
 w - 5 scrolls of fog
 F - 2 scrolls of blinking
 L - 2 scrolls of magic mapping
Potions
 b - 5 potions of curing
 e - 3 potions of attraction
 f - 4 potions of brilliance
 n - 3 potions of might
 t - 4 potions of haste
 v - 2 potions of cancellation
 x - 4 potions of lignification
 I - a potion of degeneration
 K - a potion of invisibility
 M - a potion of heal wounds


   Skills:
 - Level 13.0 Fighting
 - Level 4.0 Maces & Flails
 + Level 11.1 Armour
 - Level 10.0 Dodging
 - Level 1.5 Stealth
 - Level 10.0 Shields
 - Level 12.0 Spellcasting
 - Level 15.7 Invocations
 - Level 5.4 Evocations


You knew the following spells:

 Your Spells              Type           Power      Damage    Failure   Level
a - Magic Dart            Conj           100%       1d8       1%          1
b - Searing Ray           Conj           100%       2d8       1%          2
c - Dazzling Flash        Conj/Hex       100%       N/A       1%          3
d - Fulminant Prism       Conj/Hex       43%        3d19      1%          4
e - Iskenderun's Mystic   Conj/Tloc      86%        2d17      1%          4
f - Kiss of Death         Conj/Necr      100%       2d13      1%          1
g - Static Discharge      Conj/Air       100%       2-7/arc   1%          2
h - Vampiric Draining     Necr           67%        2d10      1%          3
i - Anguish               Hex/Necr       33%        N/A       1%          4
j - Flame Wave            Conj/Fire      86%        2d18      1%          4
k - Irradiate             Conj/Tmut      43%        3d26      1%          5
l - Dispersal             Tloc           33%        N/A       8%          6
m - Death Channel         Necr           33%        N/A       8%          6
Your spell library was empty.

Dungeon Overview and Level Annotations

Branches:
Dungeon (15/15)            Temple (0/1) D:5            Lair (5/5) D:9
 Shoals (3/4) Lair:3       Spider (0/4) Lair:3        Slime (0/5) Lair:5
    Orc (2/2) D:12            Elf (0/3) Orc:2        Vaults (0/5) D:14
 Depths (0/4) D:15

Altars:
Ashenzari
Cheibriados
Dithmenos
Elyvilon
Fedhas
Hepliaklqana
Makhleb
Nemelex Xobeh
Ru
Trog
Wu Jian
Zin
The Shining One

Shops:
D:8 (   D:9 [   D:11 *[   Orc:2 :[([   Shoals:1 [

Portals:
Abyss: D:6

Annotations:
D:12 Azrael
D:15 3 runed translucent doors, Marethyu's ghost, journeyman KoAr


Innate Abilities, Weirdness & Mutations

You are immune to sickness and miasma.
You are immune to poison.
Your flesh is very heat resistant. (rF++)
You are vulnerable to cold. (rC-)
You float through the air rather than walking.
You learn spells naturally, not from books.
Your magical power is your life essence.
You have superior vitality. (+4 MHP)


Message History

You destroy the spectral harpy!
The merfolk is engulfed in a cloud of scalding steam.
You block the merfolk's attack.
The merfolk impaler is engulfed in a cloud of scalding steam.
The merfolk impaler hits you but does no damage.
The merfolk impaler is engulfed in a cloud of scalding steam.
The merfolk impaler misses you.
The merfolk impaler is engulfed in a cloud of scalding steam.
The merfolk impaler hits you from afar with a +1 demon trident of freezing!!
* * * LOW HITPOINT WARNING * * *
The merfolk impaler freezes you.
* * * LOW HITPOINT WARNING * * *
The merfolk impaler is wracked by anguish!!
The merfolk is engulfed in a cloud of scalding steam.
The merfolk closely misses you.
The merfolk impaler is engulfed in a cloud of scalding steam.
The merfolk impaler hits you from afar with a +4 trident of venom!
* * * LOW HITPOINT WARNING * * *
The merfolk is engulfed in a cloud of scalding steam.
The merfolk closely misses you.
You block the spectral merfolk's attack.
The merfolk is engulfed in a cloud of scalding steam.
You block the merfolk's attack.
The merfolk impaler is engulfed in a cloud of scalding steam.
You block the merfolk impaler's attack.
The merfolk impaler is engulfed in a cloud of scalding steam.
The merfolk impaler hits you but does no damage.
The merfolk is engulfed in a cloud of scalding steam.
The merfolk throws a boomerang.
The boomerang hits you!
* * * LOW HITPOINT WARNING * * *
The merfolk aquamancer points at you and mumbles some strange words.
You block the shard of ice.
The merfolk is engulfed in a cloud of scalding steam.
The merfolk throws a throwing net.
The throwing net closely misses you.
The merfolk impaler is engulfed in a cloud of scalding steam.
The merfolk impaler barely misses you.
The spectral merfolk is engulfed in a cloud of scalding steam.
The spectral merfolk hits you.
You die...
Your body glows with a rainbow of weird colours and disappears.

.P....~~~~≈≈≈≈≈
#......~.~~≈≈≈≈
.....~~~~~≈~~~
# #..(.~~≈≈~~~~
#.##...~~≈≈~.~.
#.....§§§§≈~...
....Pm§§§m~~...
#..§@§mZ~...
#..§Z§m§~...
#(.§mHmZ...#
#...§§H(...#
#.≈≈≈~~....#
#.≈≈≈≈~~....
..≈≈≈≈~.~~~.
≈≈≈≈≈≈≈~~~~~.


You could see 2 merfolk impalers, a merfolk aquamancer, 3 merfolk, a manticore
and a spectral merfolk.

Vanquished Creatures
  Mlioglotl (Shoals:2)
  2 orc warlords
  An ironbound preserver (D:14)
  A dire elephant (D:15)
  A fire dragon (Lair:5)
  Snorg (Orc:2)
  9 hydras
  An alligator snapping turtle (Shoals:2)
  An ogre mage (D:12)
  4 boulder beetles
  5 centaur warriors
  16 death yaks
  A deep elf knight (D:12)
  An orc high priest (Orc:1)
  A tengu warrior (D:14)
  Sonja (D:13)
  2 skysharks
  Amaemon (D:8)
  2 sea snakes (Shoals:2)
  A swamp dragon (Lair:5)
  4 deep elf pyromancers
  13 harpies
  6 orc knights
  The ghost of tmcgee265 the Chiller, a novice MfIE of Sif Muna (D:6)
  A wizard (D:15)
  6 cyclopes
  3 wolf spiders
  3 orc sorcerers
  13 ugly things
  A salamander (D:15)
  3 manticores
  11 fauns
  3 merfolk sirens
  6 elephants (Lair:4)
  An orange demon (D:8)
  A torpor snail (Lair:3)
  2 water nymphs
  12 cane toads
  6 komodo dragons
  7 rime drakes
  A yaktaur (D:15)
  An efreet (D:14)
  A tengu conjurer (D:15)
  6 trolls
  6 merfolk
  A polar bear (Lair:4)
  4 blink frogs
  6 snapping turtles
  A hornet (Lair:2)
  10 dream sheep
  Sigmund (D:4)
  A shadow (D:11)
  15 slime creatures
  3 wraiths
  45 yaks
  2 water elementals
  7 wyverns
  A yak (shapeshifter) (D:15)
  A basilisk (Lair:5)
  3 fire elementals
  3 steam dragons
  4 vampire mosquitoes (D:12)
  4 acid dragons
  3 wargs
  17 water moccasins
  44 orc warriors
  2 swamp drakes (Lair:5)
  3 ice beasts
  A sky beast (D:7)
  7 black bears
  6 ogres
  20 wolves
  2 phantoms
  12 centaurs
  A kobold brigand (D:9)
  12 bullfrogs
  13 scorpions
  4 gnoll sergeants
  9 wights
  5 killer bees
  4 electric eels (D:10)
  A crimson imp (D:9)
  A quasit (D:6)
  2 gnoll boudas
  2 small abominations (D:6)
  2 hounds
  2 jellies
  21 orc priests
  12 iguanas
  Ijyb (D:4)
  Natasha (twice) (D:4)
  A sleepcap (D:7)
  23 orc wizards
  A boggart simulacrum (D:14)
  24 gnolls
  5 adders
  A white imp (D:6)
  6 dart slugs
  115 orcs
  3 bats (D:3)
  4 endoplasms
  8 goblins
  6 hobgoblins
  3 jackals (D:1)
  7 quokkas
  10 ball pythons
  5 frilled lizards
  A goblin skeleton (D:6)
  A goblin zombie (D:6)
  A hobgoblin zombie (D:6)
  10 kobolds
  3 kobold skeletons (D:6)
  A kobold zombie (D:6)
  3 orc skeletons (D:6)
  An orc zombie (D:6)
  4 rats
  2 butterflies (D:7)
  4 fulminant prisms
747 creatures vanquished.

Vanquished Creatures (collateral kills)
  A merfolk avatar (Shoals:3)
  A two-headed ogre (D:12)
  A skeletal warrior (D:14)
  An ugly thing (D:14)
  A manticore (D:14)
  An orc warrior (Orc:2)
  2 orcs (Orc:2)
8 creatures vanquished.

Vanquished Creatures (others)
  A centaur warrior (D:14)
  An orb spider (Lair:3)
  A merfolk siren (Shoals:2)
  A merfolk (Shoals:3)
  A wind drake (Shoals:1)
  2 orc warriors
  A quokka (D:10)
  334 fulminant prisms
342 creatures vanquished.

Grand Total: 1097 creatures vanquished

Notes
Turn   | Place    | Note
-------+----------+-------------------------------------------
     0 | D:1      | zazaan the Djinni Conjurer began the quest for the Orb.
     0 | D:1      | zazaan set off with the following spells memorised: Magic
                  | Dart, Searing Ray, Dazzling Flash, Fulminant Prism,
                  | Iskenderun's Mystic Blast.
     0 | D:1      | Reached XP level 1. HP: 15/15 MP: 0/0
   177 | D:1      | Reached XP level 2. HP: 17/21 MP: 0/0
   340 | D:1      | Reached XP level 3. HP: 17/25 MP: 0/0
   340 | D:1      | Learned a level 1 spell: Kiss of Death
   789 | D:2      | Found a glowing silver altar of Zin.
   830 | D:2      | Found a faded altar of an unknown god.
  1085 | D:2      | Reached XP level 4. HP: 19/31 MP: 0/0
  1641 | D:3      | Reached XP level 5. HP: 18/35 MP: 0/0
  1641 | D:3      | Learned a level 2 spell: Static Discharge
  1725 | D:3      | Found a sparkling altar of Nemelex Xobeh.
  1729 | D:3      | Became a worshipper of Nemelex Xobeh the Trickster
  1865 | D:3      | Found a faded altar of an unknown god.
  1869 | D:3      | Found a shadowy altar of Dithmenos.
  2317 | D:4      | Noticed an ice beast
  2576 | D:4      | Found a snail-covered altar of Cheibriados.
  2583 | D:4      | Reached skill level 5 in Spellcasting
  2600 | D:4      | Reached XP level 6. HP: 23/40 MP: 0/0
  2812 | D:4      | Noticed Ijyb
  2816 | D:4      | Killed Ijyb
  2843 | D:4      | Killed an ice beast
  2890 | D:4      | Reached * piety under Nemelex Xobeh
  2906 | D:4      | Noticed Natasha
  2912 | D:4      | Killed Natasha
  2968 | D:4      | Noticed Natasha
  2974 | D:4      | Killed Natasha
  2975 | D:4      | Reached skill level 1 in Armour
  2975 | D:4      | Reached XP level 7. HP: 39/45 MP: 0/0
  2975 | D:4      | Learned a level 3 spell: Vampiric Draining
  3009 | D:4      | Noticed Sigmund
  3147 | D:5      | Entered Level 5 of the Dungeon
  3222 | D:5      | Received a gift from Nemelex Xobeh
  3224 | D:5      | Found a broken altar of Ashenzari.
  3428 | D:5      | Noticed a steam dragon
  3464 | D:5      | Found a staircase to the Ecumenical Temple.
  3478 | D:5      | Identified the +11 flail of the Wraith {protect, +Blink
                  | Will+ Str-3}
  3492 | D:5      | Received a gift from Nemelex Xobeh
  3639 | D:5      | Found a blossoming altar of Fedhas.
  3720 | D:5      | Reached ** piety under Nemelex Xobeh
  3847 | D:5      | Found a hazy altar of Hepliaklqana.
  3997 | D:5      | Reached XP level 8. HP: 38/50 MP: 0/0
  4268 | D:5      | Reached skill level 5 in Armour
  4432 | D:4      | Killed Sigmund
  4539 | D:6      | Reached skill level 1 in Invocations
  4685 | D:6      | Found a glowing golden altar of the Shining One.
  4868 | D:6      | Found a sacrificial altar of Ru.
  4962 | D:6      | Reached skill level 2 in Invocations
  5015 | D:6      | Received a gift from Nemelex Xobeh
  5234 | D:6      | Found a transporter.
  5235 | D:6      | Found a one-way gate to the infinite horrors of the Abyss.
  5235 | D:6      | Noticed tmcgee265's ghost (novice MfIE)
  5248 | D:6      | Reached XP level 9. HP: 58/62 MP: 0/0
  5248 | D:6      | Learned a level 4 spell: Anguish
  5282 | D:6      | Found a transporter.
  5353 | D:6      | Reached skill level 3 in Invocations
  5555 | D:6      | Noticed an angel
  5558 | D:6      | Found a glowing silver altar of Zin.
  5729 | D:6      | Reached *** piety under Nemelex Xobeh
  6024 | D:7      | Reached skill level 4 in Invocations
  6030 | D:7      | Reached skill level 5 in Fighting
  6443 | D:7      | Received a gift from Nemelex Xobeh
  6634 | D:7      | Reached skill level 5 in Invocations
  6839 | D:7      | Reached skill level 6 in Invocations
  7060 | D:7      | Found a runed translucent door.
  7062 | D:7      | Found a runed translucent door.
  7327 | D:7      | Reached XP level 10. HP: 65/73 MP: 0/0
  7566 | D:8      | Reached skill level 1 in Shields
  7566 | D:8      | Reached skill level 1 in Evocations
  7750 | D:8      | Found Viaptoe's Firing Range.
  7885 | D:8      | Received a gift from Nemelex Xobeh
  7917 | D:8      | Noticed Amaemon
  7921 | D:8      | Noticed an orange demon
  7931 | D:8      | Killed an orange demon
  7931 | D:8      | Killed Amaemon
  8907 | D:9      | Found a bloodstained altar of Trog.
  8954 | D:9      | Found Hok Lik's Armour Shop.
  8981 | D:9      | Reached **** piety under Nemelex Xobeh
  9130 | D:9      | Received a gift from Nemelex Xobeh
  9195 | D:9      | Found a burning altar of Makhleb.
  9258 | D:9      | Reached XP level 11. HP: 71/81 MP: 0/0
  9258 | D:9      | Learned a level 4 spell: Flame Wave
  9334 | D:9      | Found a staircase to the Lair.
  9883 | D:10     | Entered Level 10 of the Dungeon
  9892 | D:10     | Reached skill level 7 in Invocations
 10052 | D:10     | Received a gift from Nemelex Xobeh
 10557 | D:10     | Found a white marble altar of Elyvilon.
 11118 | D:10     | Found an ornate altar of the Wu Jian Council.
 11210 | D:11     | Reached skill level 5 in Dodging
 11657 | D:11     | Reached ***** piety under Nemelex Xobeh
 11657 | D:11     | Found a snail-covered altar of Cheibriados.
 11659 | D:11     | Found Cheibriados's Comfort Zone.
 11687 | D:11     | Identified the +0 robe "Quczyar" {+Blink rC- Will+ Regen+}
 11722 | D:11     | Found Avusuipy's Fire Supplies.
 11851 | D:11     | Received a gift from Nemelex Xobeh
 11851 | D:11     | Noticed Psyche
 11854 | D:11     | Psyche changed into Psyche the acid dragon
 11854 | D:11     | Noticed Psyche
 11857 | D:11     | Killed Psyche the acid dragon
 12106 | D:11     | Identified a scroll of acquirement
 12106 | D:11     | Acquired a manual of Invocations
 12732 | D:12     | Reached skill level 8 in Invocations
 12732 | D:12     | Reached XP level 12. HP: 36/88 MP: 0/0
 12763 | D:12     | Noticed Azrael
 13275 | D:12     | Found a staircase to the Orcish Mines.
 13491 | D:12     | Identified the +3 arbalest of the Desert {speed, rF+ Dex+3}
 13542 | D:12     | Noticed a boulder beetle
 13798 | D:12     | Noticed a two-headed ogre
 13820 | D:12     | Killed a two-headed ogre
 13828 | D:12     | Noticed a centaur warrior
 13828 | D:12     | Noticed a centaur warrior
 14079 | D:12     | Noticed a deep elf knight
 14174 | Lair:1   | Entered Level 1 of the Lair of Beasts
 14208 | Lair:1   | Noticed a death yak
 14209 | Lair:1   | Noticed a death yak
 14210 | Lair:1   | Noticed a death yak
 14210 | Lair:1   | Noticed a death yak
 14210 | Lair:1   | Noticed a death yak
 14211 | Lair:1   | Noticed a death yak
 14232 | D:9      | Killed a death yak
 14233 | D:9      | Reached skill level 9 in Invocations
 14331 | D:9      | Killed a death yak
 14567 | D:9      | Killed a death yak
 14708 | D:9      | Killed a death yak
 14709 | D:9      | Reached skill level 1 in Maces & Flails
 14951 | D:9      | Killed a death yak
 14952 | D:9      | Reached skill level 10 in Invocations
 15134 | D:9      | Killed a death yak
 15376 | Lair:1   | Received a gift from Nemelex Xobeh
 15410 | Lair:1   | Reached skill level 10 in Fighting
 15924 | Lair:1   | Received a gift from Nemelex Xobeh
 16388 | Lair:2   | Reached skill level 11 in Invocations
 16410 | Lair:2   | Reached XP level 13. HP: 67/97 MP: 0/0
 16410 | Lair:2   | Learned a level 5 spell: Irradiate
 16573 | Lair:2   | Noticed a six-headed hydra
 16582 | Lair:2   | Killed a six-headed hydra
 16670 | Lair:2   | Noticed a seven-headed hydra
 16677 | Lair:2   | Killed a seven-headed hydra
 17036 | Lair:2   | Received a gift from Nemelex Xobeh
 17731 | Lair:2   | Reached skill level 12 in Invocations
 17762 | Lair:2   | Received a gift from Nemelex Xobeh
 18105 | Lair:3   | Noticed a four-headed hydra
 18113 | Lair:3   | Killed a four-headed hydra
 18804 | Lair:3   | Found a hole to the Spider Nest.
 19374 | Lair:3   | Reached skill level 13 in Invocations
 19693 | Lair:3   | Found a staircase to the Shoals.
 19760 | Lair:3   | Reached ****** piety under Nemelex Xobeh
 19807 | Lair:3   | Received a gift from Nemelex Xobeh
 20305 | Lair:4   | Reached XP level 14. HP: 70/107 MP: 0/0
 20472 | Lair:4   | Found a frozen archway.
 20855 | Lair:4   | Reached skill level 14 in Invocations
 21355 | Lair:4   | Received a gift from Nemelex Xobeh
 21731 | Lair:4   | Reached skill level 10 in Dodging
 22284 | Lair:5   | Entered Level 5 of the Lair of Beasts
 23003 | Lair:5   | Reached skill level 15 in Invocations
 23333 | Lair:5   | Received a gift from Nemelex Xobeh
 23627 | Lair:5   | Found a staircase to the Slime Pits.
 24267 | D:12     | Identified the staff of death "Pefoilic" {rN+ Int+4 Dex-4}
 24273 | D:12     | HP: 3/107 [centaur warrior/arrow (23)]
 24279 | D:12     | HP: 2/107 [slime creature (7)]
 24693 | D:12     | Identified the +2 long sword "Uzickiask" {vamp, Str+5
                  | Int-5}
 25023 | D:12     | Reached XP level 15. HP: 77/112 MP: 0/0
 25023 | D:12     | Learned a level 6 spell: Dispersal
 25687 | D:12     | Reached skill level 10 in Spellcasting
 25944 | D:12     | Received a gift from Nemelex Xobeh
 26027 | D:12     | Identified the +4 lajatang of Spite {heavy, rCorr}
 26443 | Orc:1    | Entered Level 1 of the Orcish Mines
 26546 | D:12     | Reached XP level 16. HP: 120/120 MP: 0/0
 26641 | Orc:2    | Entered Level 2 of the Orcish Mines
 26860 | Orc:2    | Found Wuacuenk's Antique Armour Shop.
 26919 | Orc:2    | Noticed Snorg
 26930 | Orc:2    | Killed Snorg
 27121 | Orc:2    | Found a staircase to the Elven Halls.
 27289 | Orc:2    | Received a gift from Nemelex Xobeh
 27349 | Orc:2    | Reached skill level 5 in Evocations
 27498 | Orc:2    | Found Ziwukhlue's Antique Armour Shop.
 27500 | Orc:2    | Found Coill's Antique Weapon Boutique.
 27548 | Orc:2    | Bought a kite shield for 108 gold pieces
 27563 | Orc:2    | Bought a jewelled chain mail for 228 gold pieces
 27563 | Orc:2    | Identified the +1 chain mail of Odop {Harm rC+ Will- rCorr}
                  | (You bought it in a shop on level 2 of the Orcish Mines)
 27563 | Orc:2    | Bought a glimmering ring mail for 216 gold pieces
 27563 | Orc:2    | Identified the +1 ring mail of Conscience {Int+2} (You
                  | bought it in a shop on level 2 of the Orcish Mines)
 27571 | Orc:2    | Bought a sapphire short sword for 232 gold pieces
 27571 | Orc:2    | Identified the +2 short sword "Zass" {drain, rF+ rN++
                  | Will+} (You bought it in a shop on level 2 of the Orcish
                  | Mines)
 27934 | Orc:2    | Found Kuroifuc's Book Boutique.
 28577 | Orc:1    | Reached skill level 5 in Shields
 29035 | D:13     | Received a gift from Nemelex Xobeh
 29364 | D:13     | Received a gift from Nemelex Xobeh
 29688 | D:13     | Received a gift from Nemelex Xobeh
 29688 | D:13     | Noticed Sonja
 29689 | D:13     | Killed Sonja
 30160 | D:14     | Found a gate to the Vaults.
 30650 | D:14     | Received a gift from Nemelex Xobeh
 30877 | D:14     | Reached XP level 17. HP: 108/126 MP: 0/0
 30877 | D:14     | Learned a level 6 spell: Death Channel
 31248 | D:15     | Entered Level 15 of the Dungeon
 31349 | D:15     | Received a gift from Nemelex Xobeh
 31384 | D:15     | Reached skill level 10 in Shields
 31706 | D:15     | Found a staircase to the Depths.
 31797 | D:15     | Received a gift from Nemelex Xobeh
 31806 | D:15     | Identified the +0 robe of Resourcefulness {rN+}
 31888 | D:15     | Found a runed translucent gate.
 31888 | D:15     | Found a runed translucent gate.
 31888 | D:15     | Found a runed translucent gate.
 31888 | D:15     | Noticed a lich
 31888 | D:15     | Noticed a lich
 31888 | D:15     | Noticed Marethyu's ghost (journeyman KoAr)
 31888 | D:15     | Noticed a lich
 31892 | D:15     | Noticed a lich
 32317 | D:6      | Killed tmcgee265's ghost
 32564 | Shoals:1 | Entered Level 1 of the Shoals
 32569 | Shoals:1 | Received a gift from Nemelex Xobeh
 32998 | Shoals:1 | Received a gift from Nemelex Xobeh
 33078 | Shoals:1 | Found Qemakov's Armour Shop.
 33086 | Shoals:1 | Bought the +0 mask of the Dragon {Will+ Slay+3 SInv} for
                  | 501 gold pieces
 33086 | Shoals:1 | Found the +0 mask of the Dragon {Will+ Slay+3 SInv}
 33618 | Shoals:2 | Received a gift from Nemelex Xobeh
 33687 | Shoals:2 | Noticed Mlioglotl
 33694 | Shoals:2 | Noticed a tentacled starspawn
 33694 | Shoals:2 | Killed Mlioglotl
 33943 | Shoals:2 | Reached skill level 10 in Armour
 34634 | Shoals:3 | HP: 2/126 [merfolk/boomerang[a merfolk impaler] (8)]
 34634 | Shoals:3 | Slain by a spectral merfolk

Illustrated notes

Levels and vault maps discovered:
D:1:      ldierk_walled_garden_2, layout_basic
D:2:      layout_basic, basic_altar,
          dreamdust_ecumenical_altar_hidden_monk_grotto
D:3:      layout_basic, general_overflow_altar,
          nicolae_overflow_ecumenical_swirl, serial_rivers,
          chequers_serial_rivers_room_b, chequers_serial_rivers_micro_a,
          chequers_serial_rivers_large_b, chequers_serial_rivers_small_a,
          kennysheep_donut, kennysheep_big_empty_room
D:4:      layout_basic, kennysheep_slug_shrine, palyth_stone_intersect,
          uniq_sigmund, uniq_natasha, uniq_ijyb
D:5:      layout_gridville, mainiacjoe_overflow_six_doors_small,
          worldfamousw_hep_ancestral_shrine, nicolae_overflow_crystal_walls,
          minmay_temple_entry_offerings
D:6:      layout_loops_corners, nicolae_ru_the_path_less_chosen, zin_angel,
          nicolae_tso_besieged_by_evil, gammafunk_ghost_abyssal_escape
D:7:      lemuel_insect_pit, layout_cave_pools, skrybe_limestone_x
D:8:      layout_layer_cave, nicolae_shop_firing_range, uniq_amaemon
D:9:      layout_irregular_city, grunt_temple_overflow_lords_of_destruction,
          mainiacjoe_overflow_surrounded_room, david_lair_shrubbed,
          serial_shops, nicolae_shop_real_fake_doors,
          chequers_serial_rivers_micro_e
D:10:     layout_basic, pdpol_wu_jian_five_deadly_venoms, elyvilon_altar_4
D:11:     layout_rooms, minmay_shop_chei, nicolae_shop_fire_sale
          [nicolae_sub_dead_trees], uniq_psyche
D:12:     minmay_cut_squares, layout_irregular_city, david_orc_1_choice,
          uniq_azrael
D:13:     layout_roguey, uniq_sonja
D:14:     layout_loops_corners, skrybe_vaults_entry_preservation, serial_glass,
          glass_columns_b, glass_columns_b, nicolae_sif_muna_little_library
D:15:     hangedman_depths_entry_try_elsewhere_first, layout_long_grid,
          gammafunk_ghost_crypt
Lair:1:   layout_small_grid, dreamdust_gnoll_shepherd
Lair:2:   cheibrodos_lair_overgrown_chateau, layout_cave_pods
Lair:3:   layout_chaotic_city, minmay_shoals_entry_centaurs,
          nicolae_spider_entry_orb_guardian, kennysheep_catoblepas_arena
Lair:4:   nzn_winding_woodlands_medium [nzn_winding_woodlands_5x5_perimeter,
          nzn_winding_woodlands_5x15_sawtooth,
          nzn_winding_woodlands_5x5_open_star,
          nzn_winding_woodlands_5x5_checkerboard,
          nzn_winding_woodlands_center_lodge, nzn_winding_woodlands_hourglass,
          nzn_winding_woodlands_5x5_three, nzn_winding_woodlands_5x15_crooked,
          nzn_winding_woodlands_5x5_cross], layout_cave_pods,
          portal_ice_cave_rime, minivault_24, nicolae_lair_run_with_the_wolves
Lair:5:   guppyfry_lair_end_dragon, layout_regular_city, slime_entry_1
Shoals:1: layout_shoals, serial_shops, shop
Shoals:2: layout_shoals, uniq_mlioglotl
Shoals:3: cheibrodos_shoals_three_sisters, layout_shoals, nicolae_stop_n_shop_2,
          uniq_polyphemus
Orc:1:    cheibrodos_orc_arena, layout_caves, basic_altar
Orc:2:    grunt_orc_community_town_hall, layout_caves,
          grunt_orc_community_big_house_2, grunt_orc_community_big_house_1,
          grunt_orc_community_house_2, grunt_orc_community_house_2,
          grunt_orc_community_house_1, grunt_orc_community_house_1,
          grunt_orc_community_house_3, grunt_orc_community_house_2, basic_altar,
          uniq_snorg

Skill      XL: |  1  2  3  4  5  6  7  8  9 10 11 12 13 14 15 16 17 |
---------------+----------------------------------------------------+-----
Spellcasting   | 4 5 6 7 8 9 10 11 12 | 12.0
Armour         | 1 4 6 7 8 11 | 11.1
Fighting       | 3 6 7 8 10 12 13 | 13.0
Invocations    | 2 6 8 11 13 15 | 15.7
Shields        | 2 4 9 10 | 10.0
Evocations     | 2 4 5 |  5.4
Dodging        | 3 5 8 10 | 10.0
Maces & Flails | 2 4 |  4.0
Stealth        | |  1.5

Action                     |  1- 3 |  4- 6 |  7- 9 | 10-12 | 13-15 | 16-18 || total
---------------------------+-------+-------+-------+-------+-------+-------++-------
  Melee: Flail             |       |       |     1 |       |       |       ||     1
         Staff             |       |       |       |       |       |     4 ||     4
   Cast: Magic Dart        |    67 |   100 |   140 |   157 |   181 |    57 ||   702
         Searing Ray       |     1 |     4 |    12 |    32 |    53 |    32 ||   134
         Iskenderun's Myst |       |     3 |    44 |   192 |   165 |   191 ||   595
         Fulminant Prism   |       |       |     6 |    24 |   124 |   185 ||   339
         Anguish           |       |       |     1 |     6 |     5 |    42 ||    54
         Flame Wave        |       |       |       |     3 |       |     7 ||    10
         Irradiate         |       |       |       |       |     4 |    24 ||    28
         Vampiric Draining |       |       |       |       |       |     2 ||     2
         Death Channel     |       |       |       |       |       |     2 ||     2
 Invoke: Draw Destruction  |       |       |       |     7 |     4 |    15 ||    26
         Draw Escape       |       |       |       |     5 |     3 |       ||     8
         Draw Summoning    |       |       |       |     2 |     1 |     3 ||     6
Ability: Evoke Blink       |       |       |     1 |       |       |       ||     1
    Use: Scroll            |       |     6 |     8 |    20 |    11 |     8 ||    53
         Potion            |       |       |       |     5 |     5 |     2 ||    12
 Armour: Robe              |     1 |     1 |       |       |       |       ||     2
         Steam dragon scal |       |       |     5 |    15 |    14 |    62 ||    96
  Dodge: Dodged            |     2 |     7 |    21 |    42 |    42 |   104 ||   218
  Block: Buckler           |       |       |       |    26 |    24 |     2 ||    52
         Kite shield       |       |       |       |       |       |   151 ||   151
